 Dungeon Crawl Stone Soup version 0.28.0-53-g5a82cb258f (webtiles) character file.

Game seed: 7527744825610307589

481 Nyth the Ruffian (level 6, -3/55 HPs)
             Began as a Troll Transmuter on Aug 9, 2022.
             Slain by a sky beast (6 damage)
             ... on level 5 of the Dungeon.
             The game lasted 00:13:53 (5411 turns).

Nyth the Ruffian (Troll Transmuter)                 Turns: 5411, Time: 00:13:54

Health: -3/55      AC:  4    Str: 25    XL:     6   Next: 87%
Magic:  7/8        EV: 10    Int:  9    God:
Gold:   141        SH:  0    Dex: 12    Spells: 6/9 levels left

rFire   . . .      SeeInvis .     - Unarmed
rCold   . . .      Faith    .   (no shield)
rNeg    . . .      Spirit   .   a - +0 robe
rPois   .          Reflect  .   (helmet restricted)
rElec   .          Harm     .   i - scarf {shadows}
rCorr   .          Rampage  .   (gloves unavailable)
Will    .....                   (boots unavailable)
Stlth   +.........              h - amulet of regeneration
HPRegen 1.78/turn               n - +6 ring of strength
MPRegen 0.11/turn               (no ring)

@: wereblooded
A: large, unfitting armour, claws 3, regeneration 1, shaggy fur 1, tough skin 1
a: no special abilities


You were on level 5 of the Dungeon.
You visited 1 branch of the dungeon, and saw 5 of its levels.

You collected 141 gold pieces.

Inventory:

Armour
 a - a +0 robe (worn)
 i - a scarf of shadows (worn)
Magical Staves
 g - a staff of air
Jewellery
 h - an amulet of regeneration (around neck)
 n - a +6 ring of strength (left claw)
Scrolls
 b - a scroll of identify
 c - 3 scrolls of teleportation
 l - a scroll of amnesia
Potions
 d - a potion of heal wounds
 e - a potion of haste
 k - a potion of curing
 m - 2 potions of might


   Skills:
 + Level 1.1 Fighting
 * Level 2.6 Dodging
 + Level 0.5 Stealth
 * Level 5.3 Unarmed Combat
 + Level 2.1 Spellcasting
 * Level 3.0 Transmutations


You had 6 spell levels left.
You knew the following spells:

 Your Spells              Type           Power      Damage    Failure   Level
a - Beastly Appendage     Tmut           12%        N/A       10%         1
b - Wereblood             Tmut           6%         N/A       14%         2

Your spell library contained the following spells:

 Spells                   Type           Power      Damage    Failure   Level
 Shock                    Conj/Air       0%         1d3       32%         1
 Sublimation of Blood     Necr           0%         N/A       45%         2
 Spider Form              Tmut/Pois      3%         N/A       47%         3
 Mephitic Cloud           Conj/Pois/Air  0%         N/A       69%         3
 Ice Form                 Ice/Tmut       3%         N/A       87%         4
 Summon Lightning Spire   Summ/Air       0%         N/A       97%         4
 Summon Hydra             Summ           0%         N/A       100%        7
 Maxwell's Capacitive Co  Air            0%         ∞         100%        8


Dungeon Overview and Level Annotations

Branches:
Dungeon (5/15)
 Temple: D:4-7

Altars:
Ashenzari

Shops:
D:2 !


Innate Abilities, Weirdness & Mutations

You are too large for most types of armour.
You have claws for hands.
Your natural rate of healing is unusually fast.
You are covered in fur. (AC +1)
You have tough skin. (AC +1)


Message History

The sky beast hits you but does no damage.
The iguana closely misses you. The water moccasin zombie misses you.
You claw the water moccasin zombie!
Your claw misses the water moccasin zombie.
The water moccasin zombie is heavily damaged.
The sky beast barely misses you.
The iguana bites you but does no damage.
The water moccasin zombie bites you.
The iguana bites you but does no damage.
You closely miss the water moccasin zombie.
The water moccasin zombie is heavily damaged.
The water moccasin zombie bites you. The iguana closely misses you.
The sky beast barely misses you. The iguana bites you!
You barely miss the water moccasin zombie.
The water moccasin zombie is heavily damaged.
The water moccasin zombie misses you. The iguana barely misses you.
The sky beast barely misses you. The iguana bites you.
You closely miss the water moccasin zombie.
The water moccasin zombie is heavily damaged.
The water moccasin zombie bites you. The iguana closely misses you.
The sky beast hits you. The sky beast shocks you.
* * * LOW HITPOINT WARNING * * *
The iguana barely misses you.
You claw the water moccasin zombie!
The water moccasin zombie is almost destroyed.
The water moccasin zombie bites you but does no damage.
The iguana bites you!
* * * LOW HITPOINT WARNING * * *
The sky beast flickers out of sight!
Deactivating autopickup; reactivate with Ctrl-A.
Something hits you but does no damage.
You scratch the water moccasin zombie.
You feel a bit better.
You destroy the water moccasin zombie!
The iguana bites you.
* * * LOW HITPOINT WARNING * * *
The iguana bites you but does no damage.
Something hits you.
* * * LOW HITPOINT WARNING * * *
Something shocks you.
You die...

>.# #......##
#.## #..[..##
##.## ##..#
#....## #.[##
..... #...##
##..## ....
#..## ##..# #
#.)# #.##
##.##
#≈##..##≈##.##
#..##
#≈≈≈.l{≈≈##..#
##..## #l@###
#.## ##..##
#..#.# ###
#...## #...##
##...#####..#
##........##
###..######.#
##...## #..#
###..### #.).#
###..### ##..#


You could see 2 iguanas.

Vanquished Creatures
  A black bear (D:4)
  A water moccasin zombie (D:5)
  A water moccasin skeleton (D:4)
  A hound (D:5)
  3 iguanas (D:4)
  An orc wizard (D:4)
  2 hound zombies (D:4)
  A howler monkey skeleton (D:5)
  4 gnolls (D:2)
  2 adders (D:4)
  An adder skeleton (D:4)
  4 adder zombies (D:4)
  2 worms (D:2)
  3 dart slugs
  7 orcs
  5 ball pythons (D:1)
  2 bats (D:1)
  6 endoplasms
  6 giant cockroaches
  9 goblins
  7 hobgoblins
  2 jackals (D:4)
  3 quokkas
  4 frilled lizards (D:1)
  7 kobolds
  3 rats
88 creatures vanquished.

Vanquished Creatures (others)
  2 plants (D:4)
2 creatures vanquished.

Grand Total: 90 creatures vanquished

Notes
Turn   | Place    | Note
-------+----------+-------------------------------------------
     0 | D:1      | Nyth the Troll Transmuter began the quest for the Orb.
     0 | D:1      | Reached XP level 1. HP: 18/18 MP: 1/1
   182 | D:1      | Found a faded altar of an unknown god.
   520 | D:1      | Reached XP level 2. HP: 26/26 MP: 3/3
  1274 | D:1      | Reached skill level 1 in Fighting
  1507 | D:1      | Reached XP level 3. HP: 33/33 MP: 4/4
  2333 | D:2      | Reached XP level 4. HP: 35/41 MP: 2/5
  2805 | D:2      | Found Ubbeh's Distillery.
  4128 | D:4      | Reached skill level 4 in Unarmed Combat
  4128 | D:4      | Reached XP level 5. HP: 39/48 MP: 4/7
  4201 | D:4      | Learned a level 2 spell: Wereblood
  4209 | D:4      | Found a broken altar of Ashenzari.
  4266 | D:4      | Noticed a black bear
  4275 | D:4      | Reached XP level 6. HP: 48/55 MP: 6/8
  4883 | D:4      | Got Wuanil's Papyrus of Lightness
  4952 | D:4      | Reached skill level 5 in Unarmed Combat
  5174 | D:5      | Entered Level 5 of the Dungeon
  5395 | D:5      | Noticed a sky beast
  5411 | D:5      | Slain by a sky beast

Illustrated notes

Levels and vault maps discovered:
D:1:      matt_arrival_refuge, layout_loops_corners, basic_ecumenical_altar,
          minivault_27
D:2:      layout_loops_ring, serial_shops, nicolae_shop_waterfront,
          minmay_misc_feat_diagonals
D:3:      layout_basic
D:4:      layout_rooms, mainiacjoe_overflow_boulevard, serial_undead,
          serial_undead_b, serial_undead_e, serial_undead_f, serial_undead_b
D:5:      layout_cave_pods, kennysheep_generic_room_5

Skill      XL: |  1  2  3  4  5  6 |
---------------+-------------------+-----
Fighting       | 1 |  1.1
Transmutations | 2 3 |  3.0
Dodging        | 2 |  2.6
Unarmed Combat | 4 5 |  5.3
Spellcasting   | 2 |  2.1
Stealth        | |  0.5

Action                   |  1- 3 |  4- 6 || total
-------------------------+-------+-------++-------
Melee: Unarmed           |    90 |   138 ||   228
       Kick              |    14 |     6 ||    20
       Punch             |     2 |     4 ||     6
       Headbutt          |     1 |     9 ||    10
 Cast: Beastly Appendage |    18 |    13 ||    31
       Wereblood         |       |     5 ||     5
  Use: Scroll            |       |     9 ||     9
 Stab: Sleeping          |     2 |     1 ||     3
Armor: Robe              |    42 |    45 ||    87
Dodge: Dodged            |    48 |    88 ||   136
